[Event "*** Titled Tuesday Blitz"]
[Site "Chess.com"]
[Date "2018.09.04"]
[Round "2"]
[White "catalin009"]
[Black "Cryptochess"]
[Result "0-1"]
[WhiteElo "2451"]
[BlackElo "2505"]
[TimeControl "180+2"]
[EndTime "13:55:20 PDT"]
[Termination "Cryptochess won by resignation"]

1. e4 e5 2. Nf3 Nf6 3. Nc3 Nc6 4. a3 d5 5. exd5 Nxd5 6. Bb5 Nxc3 7. bxc3 Bd6 8. d4 exd4 9. cxd4 O-O 10. O-O Bg4 11. Be3 Ne7 12. h3 Bh5 13. Bd3 Nd5 14. Bd2 Bf4 15. Be4 Bxd2 16. Qxd2 Nf6 17. Bxb7 Rb8 18. Rab1 Re8 19. Qf4 Bg6 20. Bc6 Rxb1 21. Rxb1 Re2 22. Ne5 Rxc2 23. Rd1 Qd6 24. d5 Rxc6 25. Qa4 Ra6 26. Qb5 Rb6 27. Qa4 Qxe5 0-1

[Event "*** Titled Tuesday Blitz"]
[Site "Chess.com"]
[Date "2018.09.04"]
[Round "2"]
[White "akretchetov"]
[Black "northridgehawk"]
[Result "1-0"]
[WhiteElo "2242"]
[BlackElo "2115"]
[TimeControl "180+2"]
[EndTime "13:55:21 PDT"]
[Termination "akretchetov won by resignation"]

1. Nf3 Nf6 2. c4 g6 3. Nc3 d5 4. cxd5 Nxd5 5. Qa4+ Bd7 6. Qh4 Nb6 7. d3 Nc6 8. Bh6 e5 9. Qxd8+ Rxd8 10. Bxf8 Kxf8 11. a3 a6 12. g3 Kg7 13. Bg2 Rhe8 14. O-O f6 15. Rfc1 Be6 16. b4 Ne7 17. Ne4 Ned5 18. Nc5 Bc8 19. Nd2 c6 20. Rab1 Nd7 21. Nde4 N7b6 22. a4 f5 23. Nd2 Kf6 24. b5 axb5 25. axb5 Rd6 26. bxc6 Rxc6 27. e4 fxe4 28. dxe4 Ne7 29.
Bf1 Rd8 30. Ndb3 Nd7 31. Nxd7+ Bxd7 32. Nc5 b6 33. Nxd7+ Rxd7 34. Rxc6+ Nxc6 35. Rxb6 Rd6 36. Bb5 Kg5 37. Rxc6 Rd1+ 38. Kg2 h5 39. h4+ Kh6 40. Bc4 Rd7 41. Be6 Re7 42. Bf5 Rg7 43. f4 exf4 44.
gxf4 Kh7 45. Rxg6 Rxg6+ 46. Kf3 Kg7 47. Bxg6 Kxg6 48. Ke3 Kf6 49. Kd4 1-0

[Event "*** Titled Tuesday Blitz"]
[Site "Chess.com"]
[Date "2018.09.04"]
[Round "2"]
[White "Kouzari"]
[Black "ItalianMachine"]
[Result "1-0"]
[WhiteElo "2465"]
[BlackElo "2312"]
[TimeControl "180+2"]
[EndTime "13:55:25 PDT"]
[Termination "Kouzari won by checkmate"]

1. d4 Nf6 2. c4 g6 3. Nc3 Bg7 4. e4 O-O 5. Be2 c5 6. d5 d6 7. Be3 b5 8. cxb5 a6 9. bxa6 Bxa6 10. Nf3 Qb6 11. Rb1 Nbd7 12. O-O Rfb8 13. Nd2 Ne5 14. h3 Nh5 15. b4 Bxe2 16. Qxe2 Qc7 17. bxc5 dxc5 18. g4 Nf6 19. f4 Ned7 20. e5 Nxe5 21. fxe5 Qxe5 22. Bf4 Qd4+ 23. Qe3 Rxb1 24. Rxb1 Nxd5 25.
Nxd5 Qxd5 26. Nf3 Qxa2 27. Rb7 Qd5 28. Rxe7 Bf8 29. Re5 Ra1+ 30. Kg2 Ra2+ 31. Kg3 Qd1 32. Re8 Qh1 33. Rxf8+ Kxf8 34. Bh6+ Kg8 35. Qe8# 1-0

[Event "*** Titled Tuesday Blitz"]
[Site "Chess.com"]
[Date "2018.09.04"]
[Round "2"]
[White "lavr92"]
[Black "GMWSO"]
[Result "0-1"]
[WhiteElo "2586"]
[BlackElo "2962"]
[TimeControl "180+2"]
[EndTime "13:55:28 PDT"]
[Termination "GMWSO won by resignation"]

1. d4 Nf6 2. c4 e6 3. Nc3 Bb4 4. g3 O-O 5. Bg2 d5 6. Nf3 dxc4 7. O-O Nc6 8. Qa4 Nd5 9. Qc2 Be7 10. Rd1 Bd7 11. Ne5 Nxe5 12. dxe5 c6 13. Ne4 b5 14. a3 Qc7 15. Nd6 f6 16. e4 fxe5 17. Nxb5 cxb5 18. exd5 Rad8 19. Be3 exd5 20. Bxd5+ Kh8 21. Be4 h6 22. Qe2 Bc5 23. Qh5 Be8 24. Qe2 Bf7 25. Qg4 Bxe3 26.
fxe3 Qb6 27. Qf5 Bg8 28. Qg6 Qxe3+ 29. Kh1 Rd4 30. Bg2 Rxd1+ 31. Rxd1 Qe2 32. Rg1 Qxb2 33. g4 Rf2 34. g5 Rxg2 35. Rxg2 Qa1+ 0-1

[Event "*** Titled Tuesday Blitz"]
[Site "Chess.com"]
[Date "2018.09.04"]
[Round "2"]
[White "HanSchut"]
[Black "2165149677570"]
[Result "0-1"]
[WhiteElo "2221"]
[BlackElo "2286"]
[TimeControl "180+2"]
[EndTime "13:55:28 PDT"]
[Termination "2165149677570 won by resignation"]

1. e4 c5 2. Nf3 d6 3. d4 cxd4 4.
Nxd4 Nf6 5. f3 e5 6. Bb5+ Nbd7 7. Nf5 d5 8. exd5 a6 9. Bxd7+ Bxd7 10. Ne3 Bc5 11. c4 O-O 12. O-O b5 13. Nc3 bxc4 14. Kh1 Nh5 15. Qe1 Bd4 16. Bd2 Rc8 17. Rc1 f5 18. Nc2 Ba7 19. Qxe5 Bb8 20. d6 Re8 21. Qd4 Re6 22. Rce1 Rxd6 23. Qf2 Qc7 24. g4 fxg4 25. fxg4 Bc6+ 26. Kg1 Rf6 27. Qh4 Rxf1+ 28. Kxf1 Rf8+ 29.
Ke2 Bf3+ 30. Ke3 Ba7+ 31. Nd4 Qe5+ 0-1

[Event "*** Titled Tuesday Blitz"]
[Site "Chess.com"]
[Date "2018.09.04"]
[Round "2"]
[White "Cocaino74"]
[Black "Saitama_Hero"]
[Result "0-1"]
[WhiteElo "2179"]
[BlackElo "2193"]
[TimeControl "180+2"]
[EndTime "13:55:29 PDT"]
[Termination "Saitama_Hero won by resignation"]

1. e4 d6 2. d4 g6 3. Nc3 Bg7 4. Bg5 c5 5. dxc5 Qa5 6. Qd2 Qxc5 7. Nd5 Be6 8. Bb5+ Nd7 9. Be3 Qc8 10. c4 Nf6 11. f3 a6 12. Nb6 Qd8 13. Bxd7+ Nxd7 14. Nxa8 Qxa8 15. Rc1 Ne5 16. b3 O-O 17. Ne2 b5 18. cxb5 axb5 19. Nf4 Bd7 20. O-O Qa3 21.
Nd5 e6 22. Nc3 Ra8 23. Rfd1 b4 24. Nb1 Qxa2 25. Qxa2 Rxa2 26. Rxd6 Bf8 27. Rdd1 Bb5 28. Bd4 Nd3 29. Rc8 e5 30. Rxd3 Bxd3 31. Bc5 Rc2 32. Rxf8+ Kg7 33. Rc8 Rc1+ 34. Kf2 Rxb1 35. Bxb4 Rxb3 36.
Bf8+ Kf6 37. Rc6+ Kg5 38. Kg3 f5 39. h4+ Kh5 40. Kh3 Bxe4 41. Kg3 Bxc6 42. Kh2 0-1

[Event "*** Titled Tuesday Blitz"]
[Site "Chess.com"]
[Date "2018.09.04"]
[Round "2"]
[White "Arm-Akiba"]
[Black "Korchmar_Vasiliy"]
[Result "1-0"]
[WhiteElo "2769"]
[BlackElo "2644"]
[TimeControl "180+2"]
[EndTime "13:55:34 PDT"]
[Termination "Arm-Akiba won on time"]

1. Nf3 d5 2. d4 Nf6 3. c4 e6 4. g3 Bb4+ 5. Bd2 Bd6 6. Bg2 c6 7. O-O O-O 8. Bg5 Nbd7 9. Nc3 dxc4 10.
Nd2 Nb6 11. e4 e5 12. dxe5 Bxe5 13. f4 Bd4+ 14. Kh1 h6 15. Bh4 Be3 16. Bxf6 Qxf6 17. e5 Qe7 18. Nde4 Bf5 19. Qh5 Qe6 20. Rae1 Bd4 21.
Nd6 Bg6 22. Qh4 f5 23. Nxb7 Rab8 24. Nd6 Bxc3 25. bxc3 Nd5 26. g4 Nxc3 27. g5 h5 28. Qf2 Ne4 29. Qd4 Nxd6 30. exd6 Qf7 31. Re7 1-0

[Event "*** Titled Tuesday Blitz"]
[Site "Chess.com"]
[Date "2018.09.04"]
[Round "2"]
[White "Ksenia_Legenko"]
[Black "RU_B9"]
[Result "1-0"]
[WhiteElo "2060"]
[BlackElo "1978"]
[TimeControl "180+2"]
[EndTime "13:55:35 PDT"]
[Termination "Ksenia_Legenko won on time"]

1. d4 Nf6 2. c4 e6 3. g3 d5 4.
Nf3 Bb4+ 5. Bd2 Be7 6. Bg2 O-O 7.
O-O c6 8. b3 Nbd7 9. Qc2 b6 10.
Nc3 Ba6 11. Nb1 Rc8 12. Rd1 c5 13. Bf4 dxc4 14. bxc4 cxd4 15. Nbd2 Nh5 16. Nxd4 Nxf4 17. gxf4 Bf6 18. Ne4 Rxc4 19. Qd3 Bxd4 20. Rab1 Qc7 21. e3 Nc5 22. Qa3 Ra4 23. Qc1 Bf6 24. Nxf6+ gxf6 25. Qc3 Qe7 26. a3 Kh8 27. Kh1 Rg8 28. Bf3 Bb7 29.
e4 Nxe4 30. Qe3 1-0

[Event "*** Titled Tuesday Blitz"]
[Site "Chess.com"]
[Date "2018.09.04"]
[Round "2"]
[White "CrushingKings"]
[Black "ecwinslow"]
[Result "1-0"]
[WhiteElo "1625"]
[BlackElo "2008"]
[TimeControl "180+2"]
[EndTime "13:55:36 PDT"]
[Termination "CrushingKings won by resignation"]

1. e4 c5 2. Nf3 d6 3. Bb5+ Bd7 4. a4 Nf6 5. Qe2 a6 6. Bxd7+ Qxd7 7. Na3 e6 8. Nc4 Qc7 9. O-O Nc6 10. d3 Be7 11.
Bf4 Nh5 12. Bd2 O-O 13. a5 Nf6 14. Bf4 Nd7 15. c3 Nde5 16. Bg3 Nxf3+ 17. Qxf3 Ne5 18. Nxe5 dxe5 19. d4 cxd4 20. cxd4 Qc2 21. Bxe5 f6 22. Bg3 Rac8 23. d5 e5 24. Qg4 Rfd8 25. h4 Rc4 26.
Rad1 Bd6 27. Rfe1 g6 28. h5 Kg7 29. Bh4 Qxb2 30. h6+ Kxh6 31. Bxf6 1-0

[Event "*** Titled Tuesday Blitz"]
[Site "Chess.com"]
[Date "2018.09.04"]
[Round "2"]
[White "chesstatour"]
[Black "mjray79"]
[Result "1-0"]
[WhiteElo "1994"]
[BlackElo "2043"]
[TimeControl "180+2"]
[EndTime "13:55:37 PDT"]
[Termination "chesstatour won on time"]

1. c4 e6 2. Nc3 d5 3. d4 Nf6 4. g3 c6 5. Bg2 Nbd7 6. Nf3 Be7 7.
O-O O-O 8. b3 b6 9. Bb2 Bb7 10.
Rc1 Rc8 11. e3 c5 12. Ne5 Qc7 13. cxd5 exd5 14. Bh3 Rcd8 15. Nxd7 Nxd7 16. dxc5 Nxc5 17. b4 Qc6 18. Bg2 Ne6 19. Nxd5 Rxd5 20. Rxc6 Rxd1 21. Rxd1 Bxc6 22. Bxc6 Bxb4 23. Rd7 Rc8 24. Bd5 Rc2 25. Be5 Bf8 26. Rxa7 Rc1+ 27. Kg2 Rc5 28. e4 b5 29. Ra8 1-0

[Event "*** Titled Tuesday Blitz"]
[Site "Chess.com"]
[Date "2018.09.04"]
[Round "2"]
[White "dimke2802"]
[Black "carlovittorino"]
[Result "1-0"]
[WhiteElo "2418"]
[BlackElo "2277"]
[TimeControl "180+2"]
[EndTime "13:55:39 PDT"]
[Termination "dimke2802 won by resignation"]

1. d4 Nf6 2. Nf3 b6 3. c4 e6 4. a3 Ba6 5. Qb3 c5 6. d5 exd5 7. cxd5 d6 8. Bg5 Nbd7 9. Nc3 Be7 10. e4 Bxf1 11. Kxf1 O-O 12. h3 h6 13. Be3 Ne8 14.
g3 Bf6 15. Nd2 Nc7 16. Kg2 Re8 17. Rhe1 b5 18. a4 b4 19. Nb5 Nb6 20. Nxc7 Qxc7 21. a5 Nd7 22. f4 Re7 23. Bf2 Rae8 24. Qc2 g6 25. Nc4 Bg7 26. Rad1 Nf6 27. e5 dxe5 28. fxe5 Rxe5 29. Nxe5 Rxe5 30. d6 Qc6+ 31. Kh2 Nd7 32. Rxe5 Nxe5 33. Qxc5 Nf3+ 34. Kh1 Qe4 35. Qd5 Qe2 36. Kg2 Bd4 37. Qxf3 1-0

[Event "*** Titled Tuesday Blitz"]
[Site "Chess.com"]
[Date "2018.09.04"]
[Round "2"]
[White "SARGISMV"]
[Black "pedromartinez91"]
[Result "1-0"]
[WhiteElo "2481"]
[BlackElo "2393"]
[TimeControl "180+2"]
[EndTime "13:55:44 PDT"]
[Termination "SARGISMV won by resignation"]

1. Nf3 Nf6 2. c4 e6 3. Nc3 d5 4. e3 Be7 5. b3 b6 6. Bb2 Bb7 7. Be2 Nbd7 8. d4 O-O 9. O-O a6 10.
Ne5 Nxe5 11. dxe5 Ne4 12. cxd5 Nxc3 13. Bxc3 Qxd5 14. Qxd5 Bxd5 15. Rfd1 Rfd8 16. Rd2 Bb7 17. Rad1 Kf8 18. f3 Ke8 19. Kf2 Rxd2 20. Rxd2 Rd8 21. Rxd8+ Kxd8 22. Bd3 h6 23. g4 c5 24. e4 Bg5 25.
Kg3 b5 26. f4 Be7 27. h4 Kd7 28. f5 Bc6 29. f6 Bf8 30. h5 b4 31. Bd2 Bb5 32. Bxb5+ axb5 33. g5 hxg5 34. Bxg5 c4 35. Kf3 c3 36. Ke2 Kc6 37. Kd3 Kc5 38. Be3+ Kc6 39.
Bf4 Kd7 40. Bc1 Ke8 41. Be3 Kd7 42. Bc5 Ke8 43. Bxb4 gxf6 44. Bxf8 Kxf8 45. Kxc3 fxe5 46. a4 bxa4 47. bxa4 f5 48. a5 f4 1-0

[Event "*** Titled Tuesday Blitz"]
[Site "Chess.com"]
[Date "2018.09.04"]
[Round "2"]
[White "Winehouse83"]
[Black "enriquetejedor"]
[Result "1-0"]
[WhiteElo "2472"]
[BlackElo "2453"]
[TimeControl "180+2"]
[EndTime "13:55:45 PDT"]
[Termination "Winehouse83 won by resignation"]

1. d4 Nf6 2. c4 e6 3. Nf3 b6 4.
a3 Bb7 5. Nc3 d5 6. cxd5 exd5 7.
Bf4 a6 8. g3 Bd6 9. Bxd6 Qxd6 10. Bg2 O-O 11. O-O Nbd7 12. Rc1 c5 13. dxc5 bxc5 14. e3 Rfd8 15. Ne2 Rac8 16. Nf4 Qb6 17. b4 cxb4 18. axb4 h6 19. Qd4 Qb5 20. Rfd1 Rc4 21.
Rxc4 Qxc4 22. Bf1 Qxd4 23. Nxd4 Rc8 24. Nf5 Kf8 25. Nd6 Rc7 26. Nxb7 Rxb7 27. Nxd5 Nxd5 28. Rxd5 Nf6 29. Rd4 Rb6 30. h4 Ke7 31. Kg2 Nd7 32. f4 Nb8 33. Re4+ Re6 34. Rxe6+ fxe6 35. Kf3 Nc6 36. Bxa6 Nxb4 37. Bb7 Nd3 38. Kg4 Kf6 39. Kh5 Kf5 40. g4+ Kf6 41. Bc6 e5 42. g5+ hxg5 43.
fxg5+ Kf7 44. Bd5+ Kf8 45. Kg6 Nf2 46. h5 Ng4 47. h6 gxh6 48. gxh6 Nxe3 49. h7 Ke7 50.
Be4 Kd6 51. h8=Q Nc4 52. Qd8+ Kc5 53. Qd5+ Kb4 54. Bd3 Nb2 55. Qxe5 Kb3 56. Be4 Na4 57. Qb5+ Ka3 58. Bc2 Nc5 59. Qxc5+ Kb2 60. Bd3 Ka2 61. Qb4 1-0

[Event "*** Titled Tuesday Blitz"]
[Site "Chess.com"]
[Date "2018.09.04"]
[Round "2"]
[White "MikeSailer"]
[Black "narutosmith"]
[Result "1-0"]
[WhiteElo "2098"]
[BlackElo "2190"]
[TimeControl "180+2"]
[EndTime "13:55:46 PDT"]
[Termination "MikeSailer won on time"]

1. c4 e5 2. g3 Nf6 3. Bg2 g6 4.
Nc3 Bg7 5. d3 O-O 6. Nf3 d6 7.
O-O h6 8. Rb1 a5 9. a3 Re8 10.
Bd2 c6 11. b4 axb4 12. axb4 d5 13. b5 Nbd7 14. bxc6 bxc6 15. cxd5 cxd5 16. Qc1 Kh7 17. Nb5 Rb8 18. Nd6 Rf8 19. Rxb8 Nxb8 20. Nxc8 e4 21. dxe4 dxe4 22. Nd4 Qxd4 23. Be3 Qd8 24. Nb6 Nbd7 25.
Nxd7 Qxd7 26. Rd1 Qb5 27. Qd2 Re8 28. Bd4 Qa4 29. e3 Rd8 30. Qe2 Ne8 31. Bxe4 Bxd4 32. exd4 1-0

[Event "*** Titled Tuesday Blitz"]
[Site "Chess.com"]
[Date "2018.09.04"]
[Round "2"]
[White "JozefKneht"]
[Black "amiralfio"]
[Result "1-0"]
[WhiteElo "2494"]
[BlackElo "2446"]
[TimeControl "180+2"]
[EndTime "13:55:49 PDT"]
[Termination "JozefKneht won by checkmate"]

1. Nf3 c5 2. e4 d6 3. d4 Nf6 4.
Nc3 cxd4 5. Nxd4 a6 6. Bg5 Nbd7 7. f4 Qc7 8. Qf3 h6 9. Bxf6 Nxf6 10. f5 Bd7 11. O-O-O e5 12. fxe6 fxe6 13. Kb1 O-O-O 14. Bd3 h5 15. Qe2 Ng4 16. Nf3 Be7 17. h3 Ne5 18.
Nxe5 dxe5 19. Qe3 Qc5 20. Qg3 h4 21. Qg4 Rhf8 22. Ne2 g5 23. Rhf1 Rf2 24. Rxf2 Qxf2 25. Ng1 Rf8 26. Ne2 Qe3 27. a3 Rf2 28. Bc4 Qb6 29. Bb3 a5 30. Nc3 Bxa3 31. bxa3 a4 32. Nxa4 Bxa4 33. Qxg5 Bxb3 34. Qg8+ Kc7 35. Qd8+ Kc6 36.
Rd6+ Kc5 37. Qxb6+ Kc4 38. Qxb3+ Kc5 39. Qb4# 1-0

[Event "*** Titled Tuesday Blitz"]
[Site "Chess.com"]
[Date "2018.09.04"]
[Round "2"]
[White "GMKrikor"]
[Black "Barcelona_Guy"]
[Result "1-0"]
[WhiteElo "2743"]
[BlackElo "2530"]
[TimeControl "180+2"]
[EndTime "13:55:52 PDT"]
[Termination "GMKrikor won by resignation"]

1. e4 c5 2. Nf3 e6 3. d4 cxd4 4. Nxd4 Nc6 5. Nc3 Qc7 6. Qd3 a6 7. Nxc6 bxc6 8. Qg3 Qxg3 9. hxg3 d5 10. Na4 Rb8 11.
b3 Bb4+ 12. Bd2 Bxd2+ 13. Kxd2 dxe4 14. Nc5 Nf6 15. Nxa6 Bxa6 16. Bxa6 Ke7 17. Rhd1 h5 18. Be2 h4 19. gxh4 Rxh4 20. a4 Rh2 21. Rg1 Rd8+ 22.
Ke3 Rh4 23. c4 Nd7 24. b4 f5 25. a5 e5 26. g3 f4+ 27. gxf4 exf4+ 28. Kxe4 Nf6+ 29. Kf3 Kf7 30. a6 Rh3+ 31. Kg2 Rb3 32. a7 Ra8 33. Bf3 Rxf3 34. Kxf3 Nd7 35. Kxf4 Nb6 36.
Rgc1 Nc8 37. Ke5 Rxa7 38. Rxa7+ Nxa7 39. Kd6 1-0

[Event "*** Titled Tuesday Blitz"]
[Site "Chess.com"]
[Date "2018.09.04"]
[Round "2"]
[White "BilodeauA"]
[Black "HonzaVykouk"]
[Result "1-0"]
[WhiteElo "2776"]
[BlackElo "2541"]
[TimeControl "180+2"]
[EndTime "13:55:53 PDT"]
[Termination "BilodeauA won by resignation"]

1. e4 c5 2. Nf3 d6 3. d4 cxd4 4. Nxd4 Nf6 5. Nc3 a6 6. Be2 e5 7. Nb3 Be7 8. O-O O-O 9. Kh1 b6 10. Bg5 Nbd7 11. a4 Bb7 12. f3 Re8 13. Be3 Rc8 14.
Rf2 Qc7 15. Bf1 Red8 16. Rd2 Qb8 17. Be2 Qa8 18. Qf1 d5 19. exd5 Bxd5 20. Bxa6 Rc7 21. Rad1 Be6 22. Bb5 Rdc8 23. Qf2 Bb4 24. Bxb6 Bxc3 25.
bxc3 Rxc3 26. a5 Nxb6 27. axb6 Bd5 28. Be2 Rxc2 29. Rxc2 Rxc2 30. Qe3 Qb8 31. Na5 Rb2 32. b7 Bxb7 33. Nc4 Nd5 34. Qd3 Ra2 35. Ne3 g6 36. Ng4 Nf4 37. Qb3 Rxe2 38. Nh6+ Kg7 39. Qxf7+ Kxh6 40. Qf6 Rxg2 41. Qh4+ Kg7 42. Rd7+ 1-0

[Event "*** Titled Tuesday Blitz"]
[Site "Chess.com"]
[Date "2018.09.04"]
[Round "2"]
[White "MaxLeto"]
[Black "Kurai"]
[Result "0-1"]
[WhiteElo "2364"]
[BlackElo "2464"]
[TimeControl "180+2"]
[EndTime "13:55:55 PDT"]
[Termination "Kurai won on time"]

1. h4 d5 2. h5 e5 3. c3 Nc6 4. d4 h6 5. dxe5 Nxe5 6. Bf4 Bd6 7. Qxd5 Nf6 8. Qd4 Qe7 9. e3 O-O 10. Nd2 Bg4 11. Ngf3 Nxf3+ 12. gxf3 Bxf4 13. Qxf4 Bxh5 14. O-O-O Bg6 15. Bc4 Rad8 16. Rdg1 Kh7 17. e4 Nd7 18.
Nb3 Ne5 19. Be2 Qd6 20. Kb1 f5 21. Qh4 fxe4 22. fxe4 Qf6 23. f3 Qxh4 24. Rxh4 Nxf3 25. Bxf3 Rxf3 26. Rhg4 Rd6 27. Ka1 Re3 28. Nc5 b6 29. Nb7 Rd7 30. a3 Bxe4 31. Nd8 Bd5 0-1

[Event "*** Titled Tuesday Blitz"]
[Site "Chess.com"]
[Date "2018.09.04"]
[Round "2"]
[White "martinmartinez95"]
[Black "b_6"]
[Result "1-0"]
[WhiteElo "2432"]
[BlackElo "2393"]
[TimeControl "180+2"]
[EndTime "13:56:03 PDT"]
[Termination "martinmartinez95 won by resignation"]

1. d4 d5 2. c4 c6 3. Nc3 dxc4 4. a4 e5 5. e3 exd4 6. exd4 Be6 7.
Nf3 Nf6 8. Ng5 Bd5 9. Be2 Bd6 10.
O-O O-O 11. f3 Re8 12. a5 Nbd7 13. Qc2 h6 14. Nge4 Nxe4 15. fxe4 Qh4 16. h3 Qg3 17. Rf3 Qh2+ 18. Kf2 Be6 19. e5 Nxe5 20. dxe5 Bxe5 21. Be3 g5 22. Qe4 f5 23. Qc2 Rf8 24.
Ra4 Rf6 25. Bxc4 Bxc4 26. Rxc4 Raf8 27. Rc5 g4 28. Rxe5 Qxe5 29. Bf4 Qc5+ 30. Re3 gxh3 31. gxh3 Rg6 32. Kf3 Kh7 33. Qb3 Rfg8 34. Qxb7+ R8g7 35. Qc8 Qc4 36. Qxf5 Qf1+ 37. Ke4 Re7+ 38. Be5 Qg2+ 39.
Kd3 Qh1 40. Bd4 Re6 41. Rxe6 1-0

[Event "*** Titled Tuesday Blitz"]
[Site "Chess.com"]
[Date "2018.09.04"]
[Round "2"]
[White "Pudor"]
[Black "JSMastropiero"]
[Result "0-1"]
[WhiteElo "2208"]
[BlackElo "2380"]
[TimeControl "180+2"]
[EndTime "13:56:04 PDT"]
[Termination "JSMastropiero won by resignation"]

1. d4 Nf6 2. c4 c5 3. d5 b5 4.
cxb5 a6 5. b6 g6 6. Nc3 Qxb6 7.
e4 d6 8. Nf3 Bg7 9. Be2 O-O 10.
O-O Nbd7 11. Rb1 Ng4 12. Nd2 h5 13. Nc4 Qc7 14. Bg5 Nde5 15. Nxe5 Nxe5 16. h3 Re8 17. Qd2 Rb8 18. Bh6 Bh8 19. f4 Nd7 20. f5 Ne5 21. Bxh5 Bf6 22. fxg6 fxg6 23. Be2 Rb4 24. Bg5 Kg7 25.
Qf4 Bxg5 26. Qxg5 Qb6 27. a3 Rxb2 28. Na4 Rxb1 29. Nxb6 Rxb6 30. Rf4 Rb1+ 31. Kh2 Rb2 32. Bf1 c4 33. Kg3 Rb3+ 34. Kh2 Rb1 35. h4 c3 36. h5 c2 37. hxg6 c1=Q 38. Rf7+ Nxf7 0-1

[Event "*** Titled Tuesday Blitz"]
[Site "Chess.com"]
[Date "2018.09.04"]
[Round "2"]
[White "joejan"]
[Black "julinha97"]
[Result "1-0"]
[WhiteElo "2214"]
[BlackElo "2167"]
[TimeControl "180+2"]
[EndTime "13:56:07 PDT"]
[Termination "joejan won by resignation"]

1. e4 c5 2. Nc3 Nc6 3. f4 g6 4. Nf3 Bg7 5. Bc4 e6 6. f5 Nge7 7. fxe6 fxe6 8. a3 O-O 9. d3 d5 10. Ba2 Nd4 11. O-O dxe4 12. Nxe4 Qc7 13. c3 Nxf3+ 14.
Rxf3 Rxf3 15. Qxf3 Nd5 16. Ng5 h6 17. Nxe6 Bxe6 18.
Bxd5 Bxd5 19. Qxd5+ Kh7 20. Bd2 Rd8 21. Qe4 Qd7 22.
Be3 Qxd3 23. Qxd3 Rxd3 24. Bxc5 b6 25. Bf2 Rd2 26. Rb1 Be5 27. g3 g5 28. Kf1 Kg6 29.
Re1 Bf6 30. Re2 Rd1+ 31. Kg2 Rd5 32. g4 h5 33. h3 hxg4 34. hxg4 Rb5 35. Kf3 Rb3 36.
Ke4 Rb5 37. Bd4 Bxd4 38. cxd4 Kf6 39. Rf2+ Ke6 40. d5+ Ke7 41. Ke5 Rb3 42. Rd2 Rf3 43.
Rc2 Re3+ 44. Kf5 Rd3 45. Ke4 Rd1 46. Rc7+ Kd6 47. Rc6+ Kd7 48. Rg6 Re1+ 49. Kf5 Rd1 50. d6 Rd5+ 51. Ke4 Rb5 52. b4 a5 53. bxa5 Rxa5 54. Kd4 Ra4+ 55. Ke5 Rxg4 56. Rg7+ Kc6 57. Rc7+ Kb5 58. d7 1-0

[Event "*** Titled Tuesday Blitz"]
[Site "Chess.com"]
[Date "2018.09.04"]
[Round "2"]
[White "sergiochess83"]
[Black "Eagle_pada"]
[Result "1-0"]
[WhiteElo "2723"]
[BlackElo "2658"]
[TimeControl "180+2"]
[EndTime "13:56:09 PDT"]
[Termination "sergiochess83 won by resignation"]

1. e4 e5 2. Nf3 Nf6 3. Nxe5 d6 4. Nf3 Nxe4 5. c4 Nc6 6. d3 Nf6 7. d4 Be7 8. d5 Ne5 9. Be2 O-O 10. O-O Nxf3+ 11. Bxf3 Nd7 12. Nc3 Ne5 13. Be2 f5 14. f4 Ng4 15. h3 Nf6 16. Be3 a5 17. Bf3 Nd7 18. Nb5 Nc5 19. Qc2 Bf6 20. Rad1 Re8 21. Bxc5 dxc5 22. d6 cxd6 23. Nxd6 Bd4+ 24. Rxd4 cxd4 25.
Nxe8 Qxe8 26. Qd3 Be6 27. Re1 Ra6 28. Qxd4 Qd7 29. Qxd7 Bxd7 30. Bxb7 Rb6 31. Bd5+ Kf8 32. b3 a4 33. Re3 axb3 34. axb3 Ra6 35. b4 Ra2 36. b5 Rb2 37. Kf1 h6 38. Ke1 g5 39.
Kd1 gxf4 40. Re2 Rb3 41. Kc2 Rb4 42. Kc3 Rb1 43. Rb2 Rc1+ 44. Kd4 Ke7 45. b6 Kd6 46. b7 Rd1+ 47. Kc3 Rc1+ 48. Kd2 1-0

[Event "*** Titled Tuesday Blitz"]
[Site "Chess.com"]
[Date "2018.09.04"]
[Round "2"]
[White "GMBenjaminBok"]
[Black "gkchesstiger"]
[Result "1-0"]
[WhiteElo "2645"]
[BlackElo "2766"]
[TimeControl "180+2"]
[EndTime "13:56:11 PDT"]
[Termination "GMBenjaminBok won by resignation"]

1. c4 c6 2. d4 d5 3. Nf3 Nf6 4.
Nc3 Qb6 5. e3 Bg4 6. Bd3 e6 7.
O-O Nbd7 8. b3 Be7 9. Bb2 O-O 10. Qe2 Rfe8 11. Rad1 a5 12. h3 Bxf3 13. Qxf3 a4 14. c5 Qb4 15. a3 Qxb3 16. Rb1 b6 17. Ba1 Qxa3 18. cxb6 Reb8 19. b7 Ra7 20. e4 dxe4 21. Nxe4 Raxb7 22. Rxb7 Rxb7 23. Nxf6+ Nxf6 24. Qxc6 Qb4 25.
Bc3 Qb6 26. Qxa4 Ra7 27. Qb5 Qxb5 28. Bxb5 Ra3 29. Rc1 g6 30. Bd2 Kg7 31. Bc6 Rd3 32. Be3 Bd6 33. Kf1 h6 34. Bf3 Ra3 35. Rc6 Bb4 36.
Rb6 Bc3 37. Rc6 Bb4 38. Bf4 g5 39. Be5 Kg6 40. d5 Ra1+ 41. Bxa1 1-0

[Event "*** Titled Tuesday Blitz"]
[Site "Chess.com"]
[Date "2018.09.04"]
[Round "2"]
[White "r31415"]
[Black "menor31"]
[Result "1-0"]
[WhiteElo "2379"]
[BlackElo "2457"]
[TimeControl "180+2"]
[EndTime "13:56:11 PDT"]
[Termination "r31415 won by resignation"]

1. e4 e6 2. d4 d5 3. Nc3 Nf6 4. e5 Nfd7 5. f4 c5 6. Nf3 Nc6 7. Be3 Qb6 8. a3 a6 9. Be2 Qa7 10. Qd2 Be7 11. h4 O-O 12. h5 cxd4 13. Nxd4 Bc5 14.
O-O-O Nxd4 15. Bxd4 f6 16. Qe3 fxe5 17. fxe5 Bxd4 18.
Rxd4 Qb8 19. Bg4 Nxe5 20. Bh3 Nc6 21. Rg4 Qc7 22. Rg5 d4 23. Bxe6+ Kh8 24. Nd5 dxe3 25. Nxc7 Bxe6 26. Nxe6 Rf7 27. Nc5 Re8 28. Nd3 Nd4 29. Re1 Rc7 30. c3 h6 31. Rg3 e2 32. Nf4 Re4 33. Nd5 Rc5 34. Re3 Rxe3 35. Nxe3 Ne6 36.
g3 Rxh5 37. Rxe2 Re5 38. Kd2 Nc5 39. g4 Ne4+ 40. Kd3 Nf6 41. Rf2 Rxe3+ 42. Kxe3 Nxg4+ 43. Kf3 Nxf2 44. Kxf2 g5 45. b4 Kg7 46. c4 Kf6 47. Ke3 Ke5 48. a4 g4 49. b5 axb5 50. cxb5 b6 51.
Kf2 h5 52. Kg3 Kd5 53. a5 Kc5 54. a6 Kxb5 55. a7 Kc5 56. a8=Q b5 57. Qc8+ Kd5 58. Qf5+ Kc4 59. Qxh5 1-0

[Event "*** Titled Tuesday Blitz"]
[Site "Chess.com"]
[Date "2018.09.04"]
[Round "2"]
[White "Quiet_Desperation"]
[Black "Synctel"]
[Result "1/2-1/2"]
[WhiteElo "1882"]
[BlackElo "1910"]
[TimeControl "180+2"]
[EndTime "13:56:21 PDT"]
[Termination "Game drawn by repetition"]

1. e4 e6 2. d4 d5 3. Nc3 Nf6 4. e5 Nfd7 5. f4 c5 6. Nf3 Nc6 7. Be3 a6 8. Qd2 b5 9. dxc5 Bxc5 10. O-O-O Bb7 11. Kb1 Qb6 12. Bxc5 Nxc5 13. Bd3 b4 14. Ne2 O-O-O 15. h4 Ne4 16. Bxe4 dxe4 17. Nfd4 Nxd4 18. Nxd4 Rd7 19. Ka1 Rhd8 20. c3 Kb8 21. Qe3 bxc3 22. bxc3 Ka8 23. Rb1 Qc5 24. Rhd1 h5 25. Rd2 g6 26. Rdb2 Rc7 27. Rb3 Bd5 28. Rb6 Qa5 29. Nb3 Qa3 30. Qd4 Rdc8 31. Rc1 Rc4 32. Qd2 Ra4 33.
Qb2 Bxb3 34. Rxb3 Qxb2+ 35. Kxb2 Rac4 36. Rd1 R8c7 37. Rd4 Ka7 38. Rxc4 Rxc4 39. Rb4 Rxb4+ 40. cxb4 Kb6 41. a4 Kc6 42. Kc3 Kd5 43. b5 axb5 44. axb5 Kc5 45. b6 Kxb6 46. Kd4 e3 47. Kxe3 Kc5 48.
Kd3 Kd5 49. g3 Kc5 50. Kc3 Kd5 51. Kd3 Kc5 52. Kc3 Kd5 53. Kd3 1/2-1/2

[Event "*** Titled Tuesday Blitz"]
[Site "Chess.com"]
[Date "2018.09.04"]
[Round "2"]
[White "aa175"]
[Black "tteshan"]
[Result "0-1"]
[WhiteElo "1961"]
[BlackElo "2027"]
[TimeControl "180+2"]
[EndTime "13:56:23 PDT"]
[Termination "tteshan won by checkmate"]

1. e4 c5 2. b4 cxb4 3. a3 bxa3 4.
Nf3 e6 5. e5 Nc6 6. Rxa3 d6 7.
Rd3 Qc7 8. Ba3 Nxe5 9. Nxe5 dxe5 10. Bxf8 Kxf8 11. c4 Nf6 12. Qb3 b6 13. Be2 Bb7 14.
Nc3 g6 15. Nb5 Qc5 16. Nd6 Bxg2 17. Rg1 Bc6 18. h4 e4 19. Qc3 Ke7 20. Rd4 e5 21.
Nxe4 Nxe4 22. Rxe4 Bxe4 23. Rg5 f6 24. Rg3 Rhd8 25. Re3 Qd4 26. Qa3+ Kf7 27. d3 Bf5 28. h5 a5 29. hxg6+ hxg6 30. Rg3 Qh4 31. Qc3 Qh1+ 32. Kd2 e4 33. d4 Qh6+ 34. Ke1 a4 35. Qb2 a3 36.
Qxb6 Qc1+ 37. Bd1 Rd7 38. Rb3 a2 39. Qb4 a1=Q 40. Qd2 Qxd2+ 41. Kxd2 Qxd4+ 42. Ke2 Bg4+ 43. Kf1 Qxd1+ 44. Kg2 Bf3+ 45. Rxf3 Qxf3+ 46. Kf1 Ra1# 0-1